Map: Moonlight Madness LE (Void)

Players

wabbajack - Winner!

  • Race: Zerg Zerg
  • League: Grandmaster

FatalBoy

  • Race: Protoss Protoss
  • League: Grandmaster

VOD

Have the link to the VOD?

Description

Time

  • Played on: July 14, 2015, 3 p.m.
  • Length: 15:05
Show
View Real Time Build Order
Export as new Build Order

wabbajack Zerg - Winner!

Build Orders: Pool First 

Get SALT Encoding   

  12  0:02  Drone  
  13  0:08  Extractor  
  13  0:13  Drone  
  13  0:30  Spawning Pool  
  12  0:38  Drone  
  13  0:45  Overlord  
  13  1:17  Zergling x6  
  16  1:18  Metabolic Boost  
  16  1:26  Queen  
  18  1:38  Zergling x2  
  19  1:56  Drone x2  
  21  2:07  Hatchery  
  20  2:09  Drone  
  21  2:54  Drone  
  22  3:03  Overlord x2  
  22  3:08  Queen  
  22  3:09  Hatchery  
  20  3:23  Zergling x4  
  20  3:24  Zergling x4  
  23  3:47  Queen  
  25  3:50  Drone x3  
  25  3:55  Drone x4  
  30  4:01  Roach Warren  
  31  4:06  Extractor  
  31  4:07  Drone  
  31  4:08  Drone  
  32  4:27  Drone x2  
  32  4:28  Drone x2  
  32  4:30  Drone x2  
  38  4:31  Drone  
  38  4:33  Drone  
  40  4:39  Overlord  
  40  5:00  Roach  
  40  5:01  Roach x5  
  52  5:09  Lair  
  52  5:11  Overlord  
  52  5:17  Spore Crawler  
  52  5:20  Spine Crawler  
  50  5:22  Drone  
  50  5:23  Drone  
  52  5:49  Drone x2, Extractor  
  54  5:50  Drone x6  
  54  5:51  Extractor  
  54  5:53  Drone x3  
  54  5:55  Drone x2  
  63  5:57  Drone  
  63  6:04  Overlord  
  64  6:06  Overlord  
  64  6:15  Evolution Chamber  
  64  6:18  Glial Reconstitution  
  63  6:19  Baneling Nest  
  62  6:29  Hydralisk Den  
  61  6:33  Drone  
  61  6:34  Drone x5  
  61  6:37  Drone  
  64  7:14  Spore Crawler  
  64  7:15  Spine Crawler  
  62  7:16  Drone x2  
  62  7:17  Drone x5, Spine Crawler  
  62  7:23  Drone x4  
  62  7:25  Drone  
  62  7:26  Drone x4  
  62  7:28  Overlord  
  69  7:35  Roach  
  69  7:36  Roach  
  73  7:37  Overlord x3  
  73  7:40  Muscular Augments  
  66  8:02  Spore Crawler  
  65  8:06  Spore Crawler  
  65  8:07  Drone  
  65  8:08  Drone x2  
  65  8:09  Drone x5, Spore Crawler  
  71  8:12  Extractor  
  71  8:15  Extractor  
  64  8:23  Hydralisk x8  
  64  8:24  Hydralisk  
  82  8:31  Drone  
  82  8:32  Drone x2  
  82  8:34  Drone  
  86  8:35  Drone x2  
  86  8:39  Overlord x2  
  88  8:43  Drone x3  
  89  9:04  Infestation Pit  
  73  9:16  Hydralisk x2  
  73  9:17  Hydralisk x4, Roach x4  
  71  9:18  Roach x3  
  71  9:23  Spire  
  91  9:29  Zergling x12  
  91  9:30  Zergling x6  
  76  10:08  Hydralisk  
  76  10:09  Hydralisk x5, Roach x3  
  76  10:10  Roach x5  
  104  10:16  Queen  
  104  10:17  Drone  
  104  10:43  Hive  
  104  10:45  Corruptor x3  
  110  10:57  Zerg Ground Armor Level 1  
  110  10:58  Overlord x3  
  67  11:39  Overlord  
  67  11:40  Overlord  
  67  11:45  Roach x7  
  73  11:47  Evolution Chamber  
  72  11:56  Greater Spire  
  72  12:08  Drone x7  
  76  12:09  Drone  
  80  12:27  Hatchery, Drone x5  
  84  12:31  Corruptor  
  84  12:32  Corruptor x8  
  102  12:41  Adrenal Glands  
  102  12:44  Zerg Melee Weapons Level 1  
  102  12:59  Ultralisk Cavern  
  101  13:14  Brood Lord x4  
  109  13:23  Drone x3  
  109  13:24  Extractor x2  
  109  13:25  Drone x3  
  113  13:27  Drone  
  113  13:28  Drone x5  
  115  14:06  Brood Lord x4  
  115  14:07  Brood Lord x2  
  115  14:08  Zergling x14  
  115  14:09  Zergling x8  
  138  14:22  Zergling x2  
  138  14:23  Zergling x16  
Show
View Real Time Build Order
Export as new Build Order

FatalBoy Protoss 

Build Orders:  

Get SALT Encoding   

  12  0:01  Probe  
  13  0:14  Pylon  
  13  0:23  Probe  
  13  0:28  Assimilator  
  14  0:36  Probe (Chrono Boost)  
  15  0:45  Probe (Chrono Boost)  
  16  1:08  Nexus  
  16  1:14  Probe (Chrono Boost)  
  17  1:23  Probe (Chrono Boost)  
  18  1:32  Gateway  
  18  1:42  Assimilator  
  18  1:43  Probe (Chrono Boost)  
  18  1:53  Probe (Chrono Boost)  
  19  1:59  Forge  
  19  2:11  Gateway  
  19  2:14  Gateway  
  21  2:32  Pylon  
  21  2:36  Photon Cannon  
  21  2:39  Photon Cannon  
  19  2:46  Pylon  
  19  2:55  Gateway  
  19  3:06  Zealot  
  21  3:18  Cybernetics Core  
  19  3:36  Probe (Chrono Boost)  
  19  3:37  Probe (Chrono Boost)  
  21  3:46  Probe x2 (Chrono Boost)  
  23  3:57  Warp Gate  
  23  4:00  Sentry  
  25  4:08  Robotics Facility  
  25  4:11  Probe x2 (Chrono Boost)  
  27  4:20  Probe x2 (Chrono Boost)  
  29  4:36  Assimilator  
  29  4:40  Assimilator  
  29  4:51  Stalker  
  31  4:54  Stalker  
  31  4:56  Observer  
  34  5:01  Robotics Bay  
  34  5:09  Probe x2  
  34  5:11  Pylon  
  36  5:21  Probe x2  
  38  5:29  Warp Prism  
  40  5:36  Probe (Chrono Boost)  
  40  5:37  Probe (Chrono Boost)  
  42  5:46  Probe x2 (Chrono Boost)  
  48  6:14  Robotics Facility  
  48  6:16  Disruptor  
  48  6:22  Gateway  
  48  6:23  Gateway  
  48  6:25  Pylon  
  48  6:26  Probe x2  
  48  6:32  Stalker x2  
  54  6:38  Probe x2  
  54  6:57  Stalker x2  
  54  7:09  Disruptor  
  58  7:33  Probe x2  
  58  7:36  Disruptor x2  
  60  7:41  Disruptor  
  60  8:05  Nexus  
  60  8:08  Assimilator  
  60  8:13  Assimilator  
  60  8:17  Pylon  
  60  8:28  Disruptor  
  60  8:32  Disruptor  
  60  8:34  Pylon  
  60  8:36  Pylon  
  60  8:37  Disruptor  
  60  8:39  Pylon  
  68  8:41  Disruptor x2  
  68  8:59  Disruptor  
  64  9:15  Stalker x4  
  62  9:26  Disruptor x2  
  62  9:46  Stalker x4  
  38  10:07  Probe x3  
  38  10:12  Stalker x4  
  57  10:17  Disruptor x2 (Chrono Boost)  
  57  10:19  Probe x2  
  59  10:26  Disruptor  
  50  10:34  Disruptor  
  50  10:36  Stalker x3  
  50  10:37  Stalker  
  55  10:43  Immortal (Chrono Boost)  
  55  10:44  Immortal (Chrono Boost)  
  62  11:10  Disruptor  
  58  11:12  Stalker x4  
  68  11:23  Disruptor  
  54  11:56  Nexus  
  54  11:59  Assimilator  
  54  12:00  Immortal  
  54  12:01  Disruptor  
  62  12:02  Pylon  
  62  12:10  Forge  
  62  12:13  Forge  
  62  12:15  Stargate  
  62  12:17  Gateway  
  62  12:18  Gateway  
  62  12:25  Zealot x4  
  70  12:46  Stalker x4  
  78  13:08  Probe  
  78  13:09  Probe  
  78  13:10  Probe, Pylon  
  81  13:20  Probe  
  81  13:22  Probe x2  
  81  13:23  Disruptor  
  84  13:29  Stalker x4  
  84  13:32  Probe  
  93  13:43  Void Ray  
  93  13:44  Probe  
  96  13:52  Disruptor x2  
  88  14:06  Stalker  
  88  14:07  Stalker x5  
  72  14:49  Stalker x6  
Tags
 
Add a new tag
Caveats
  • Supply blocks, unpowered buildings, or Contaminate may cause inaccurate times.
  • Supply counts are checked every 10 seconds.